[Event "ICC tourney 2332 (75 10)"]
[Site "Internet Chess Club"]
[Date "2021.01.23"]
[Round "1"]
[White "bg26723"]
[Black "castle2king"]
[Result "0-1"]
[ICCResult "White resigns"]
[WhiteElo "1917"]
[BlackElo "1660"]
[Opening "Giuoco Piano: Anderssen variation"]
[ECO "C54"]
[NIC "IG.02"]
[Time "13:02:57"]
[PlyCount "90"]
[TimeControl "4500+10"]

1. e4 e5 2. Nf3 Nc6 3. Bc4 Bc5 4. c3 Nf6 5. d4 exd4 6. e5 d5 7. Bb5 Ne4 8.
cxd4 Bb4+ 9. Bd2 Bxd2+ 10. Nbxd2 O-O 11. Bxc6 bxc6 12. Qc2 Nxd2 13. Nxd2
Bd7 14. O-O f6 15. Rfe1 Qe7 16. Nb3 fxe5 17. Rxe5 Qf6 18. Nc5 Bf5 19. Qe2
Rab8 20. b3 Qg6 21. Re1 Bg4 22. Qe3 Qf6 23. f3 Bf5 24. Na6 Rb7 25. Nc5 Rbb8
26. Ne6 Bxe6 27. Rxe6 Qf7 28. Re7 Qg6 29. Qe6+ Rf7 30. Rxf7 Qxf7 31. Qxc6
Rd8 32. h3 h6 33. Qc5 Rd7 34. Qxa7 Re7 35. Qa8+ Kh7 36. Rxe7 Qxe7 37. Qxd5
Qe3+ 38. Kf1 Qd3+ 39. Kf2 Qd2+ 40. Kg3 Qxa2 41. Qe4+ Kh8 42. Qe8+ Kh7 43.
Qf7 Qd2 44. Qf4 Qc3 45. Qxc7 Qxc7+ { White resigns } 0-1

[Event "ICC tourney 2332 (75 10)"]
[Site "Internet Chess Club"]
[Date "2021.01.23"]
[Round "1"]
[White "chessboy2020"]
[Black "Ako-Ako"]
[Result "0-1"]
[ICCResult "White checkmated"]
[WhiteElo "1679"]
[BlackElo "1980"]
[Opening "French: Tarrasch, open variation, main line"]
[ECO "C09"]
[NIC "FR.22"]
[Time "13:04:20"]
[PlyCount "116"]
[TimeControl "4500+10"]

1. e4 e6 2. d4 d5 3. Nd2 c5 4. exd5 exd5 5. Ngf3 Nc6 6. Bb5 Qe7+ 7. Qe2
Qxe2+ 8. Bxe2 Nf6 9. O-O Bf5 10. Re1 O-O-O 11. c3 cxd4 12. cxd4 Bd6 13. Nb3
Ne4 14. Be3 Rhe8 15. Rac1 Kb8 16. Nc5 Bxc5 17. dxc5 d4 18. Bf4+ Ka8 19. Nh4
Be6 20. Bd3 Nf6 21. a3 Nd5 22. Bg3 g6 23. b4 a6 24. b5 axb5 25. Bxb5 Nc3
26. Bxc6 bxc6 27. Nf3 Na4 28. Re4 Nc3 29. Ree1 Na2 30. Rcd1 d3 31. Bd6 Bc4
32. Nd2 Bb5 33. Rxe8 Rxe8 34. Kf1 Re2 35. Bf4 Nc3 36. Ra1 Kb7 37. Rc1 Nd5
38. Be3 Nxe3+ 39. fxe3 Rxd2 40. Rb1 Ka7 41. h4 Rc2 42. Rd1 Rxc5 43. Kf2 Rc3
44. e4 Rxa3 45. Ke3 Ra2 46. Kd4 Rxg2 47. Kc5 Rg4 48. e5 Rxh4 49. Kd6 Re4
50. Kc7 Ra4 51. Kd6 Kb6 52. Ke7 Re4 53. e6 fxe6 54. Kd7 e5 55. Kc8 Re2 56.
Kb8 e4 57. Ka8 Rf2 58. Ra1 Rf8# { White checkmated } 0-1

[Event "ICC tourney 2332 (75 10)"]
[Site "Internet Chess Club"]
[Date "2021.01.23"]
[Round "1"]
[White "SparkyNinja"]
[Black "rabbitAAAA"]
[Result "1/2-1/2"]
[ICCResult "Game drawn by mutual agreement"]
[WhiteElo "1596"]
[BlackElo "1819"]
[Opening "Caro-Kann: classical, Spassky variation"]
[ECO "B19"]
[NIC "CK.12"]
[Time "13:02:58"]
[PlyCount "109"]
[TimeControl "4500+10"]

1. e4 c6 2. d4 d5 3. Nc3 dxe4 4. Nxe4 Bf5 5. Ng3 Bg6 6. h4 h6 7. Nf3 Nd7 8.
h5 Bh7 9. Bd3 Bxd3 10. Qxd3 e6 11. Bd2 Ngf6 12. O-O-O Be7 13. Kb1 O-O 14.
Ne4 Nxe4 15. Qxe4 Nf6 16. Qe2 Qd5 17. Ne5 Qe4 18. Qxe4 Nxe4 19. Be3 Rfd8
20. c3 c5 21. dxc5 Bxc5 22. Bxc5 Nxc5 23. f3 Kf8 24. Kc2 Ke7 25. Rhe1 Nd7
26. Nxd7 Rxd7 27. Rxd7+ Kxd7 28. Rd1+ Ke7 29. Kb3 Rc8 30. Kb4 b6 31. g4 Rc5
32. Rd4 f5 33. a4 fxg4 34. fxg4 e5 35. Re4 Kd6 36. c4 Ke6 37. Kc3 a5 38.
Kd3 Rc7 39. Kc3 Rf7 40. b3 Rf3+ 41. Kc2 Kd6 42. Re2 Rg3 43. Re4 Ke6 44. Kb2
Kf6 45. Kc2 Rf3 46. Re2 Rf4 47. Rd2 Rd4 48. Rf2+ Ke7 49. Rg2 Rd6 50. g5 Re6
51. gxh6 gxh6 52. Kd3 Rf6 53. Rg7+ Ke6 54. Rb7 Kf5 55. Rg7 { Game drawn by
mutual agreement } 1/2-1/2

[Event "ICC tourney 2332 (75 10)"]
[Site "Internet Chess Club"]
[Date "2021.01.23"]
[Round "1"]
[White "doudou2011"]
[Black "Nikhilp"]
[Result "1/2-1/2"]
[ICCResult "Game drawn by repetition"]
[WhiteElo "1438"]
[BlackElo "1731"]
[Opening "King's Indian: fianchetto, classical variation, 8.e4"]
[ECO "E68"]
[NIC "KI.63"]
[Time "13:02:55"]
[PlyCount "94"]
[TimeControl "4500+10"]

1. d4 Nf6 2. Nf3 g6 3. g3 Bg7 4. Bg2 O-O 5. O-O d6 6. c4 Nbd7 7. Nc3 e5 8.
e4 c6 9. b3 exd4 10. Nxd4 Nc5 11. Bf4 Re8 12. Re1 Nh5 13. Be3 Bf6 14. Rc1
Ng7 15. f4 Nce6 16. Nxe6 Bxe6 17. Qd3 Qd7 18. Red1 Rad8 19. Bxa7 Ra8 20.
Bd4 Be7 21. Rd2 Qc7 22. Rcd1 f5 23. e5 Red8 24. Qe3 Qc8 25. exd6 Rxd6 26.
c5 Rd8 27. Re2 Re8 28. Na4 Bd8 29. Qc3 Qd7 30. Rde1 Nh5 31. Be5 Qf7 32. Nb6
Bxb6 33. cxb6 Bd5 34. Bxd5 Qxd5 35. Qc4 Qxc4 36. bxc4 Ra4 37. c5 Rc4 38.
Bd6 Rxe2 39. Rxe2 Nf6 40. Re7 Rc1+ 41. Kg2 Rc2+ 42. Kf3 Rxa2 43. Rxb7 Ng4
44. Rb8+ Kf7 45. Rb7+ Kg8 46. Rb8+ Kf7 47. Rb7+ Kg8 { Game drawn by
repetition } 1/2-1/2

[Event "ICC tourney 2332 (75 10)"]
[Site "Internet Chess Club"]
[Date "2021.01.23"]
[Round "1"]
[White "Telos53"]
[Black "Clairehouses"]
[Result "1-0"]
[ICCResult "Black checkmated"]
[WhiteElo "1819"]
[BlackElo "1578"]
[Opening "Queen's pawn game"]
[ECO "D05"]
[NIC "QP.06"]
[Time "13:03:05"]
[PlyCount "129"]
[TimeControl "4500+10"]

1. d4 Nf6 2. Nf3 e6 3. e3 d5 4. Bd3 Be7 5. O-O O-O 6. Nbd2 b6 7. Qe2 Bb7 8.
b3 Ne4 9. Bb2 c5 10. Rfd1 Qc7 11. c4 Nd7 12. cxd5 exd5 13. Rac1 Bf6 14. Nf1
Rac8 15. Ng3 g6 16. dxc5 bxc5 17. Bxf6 Ndxf6 18. Rc2 Qe7 19. Rdc1 Rfd8 20.
Ba6 Bxa6 21. Qxa6 Nxg3 22. hxg3 Ne4 23. Nd2 Nxd2 24. Rxd2 Rc7 25. Qa5 Kg7
26. a3 Rdd7 27. Rdc2 d4 28. exd4 Rxd4 29. Rxc5 Rxc5 30. Rxc5 Rd1+ 31. Kh2
Qf6 32. Qc3 Qxc3 33. Rxc3 Ra1 34. a4 Ra3 35. g4 g5 36. Kg3 Kg6 37. Kf3 Kf6
38. Ke4 Ra2 39. Kd5 Rd2+ 40. Kc6 Rxf2 41. Rf3+ Rxf3 42. gxf3 Ke5 43. b4 Kf4
44. b5 Kxf3 45. a5 Kxg4 46. b6 axb6 47. axb6 f5 48. b7 f4 49. b8=Q f3 50.
Qc8+ Kg3 51. Qc7+ Kg2 52. Qxh7 f2 53. Qe4+ Kg1 54. Qg4+ Kh2 55. Qf3 Kg1 56.
Qg3+ Kh1 57. Qxf2 g4 58. Qh4+ Kg2 59. Qxg4+ Kf2 60. Kd5 Ke3 61. Qe4+ Kd2
62. Kd4 Kd1 63. Qg2 Ke1 64. Ke3 Kd1 65. Qd2# { Black checkmated } 1-0

[Event "ICC tourney 2332 (75 10)"]
[Site "Internet Chess Club"]
[Date "2021.01.23"]
[Round "1"]
[White "jmwgroff"]
[Black "Laine23"]
[Result "0-1"]
[ICCResult "White forfeits on time"]
[WhiteElo "1894"]
[BlackElo "1645"]
[Opening "Nimzo-Indian: Kmoch variation"]
[ECO "E20"]
[NIC "NI.30"]
[Time "13:02:44"]
[PlyCount "84"]
[TimeControl "4500+10"]

1. d4 Nf6 2. c4 e6 3. Nc3 Bb4 4. f3 d5 5. a3 Bxc3+ 6. bxc3 h6 7. cxd5 exd5
8. e3 O-O 9. Bd3 Re8 10. Ne2 c5 11. O-O b6 12. Ng3 Nc6 13. Ra2 Qd6 14. Re2
a5 15. Ree1 Be6 16. Bb2 Nd7 17. Bb1 Rad8 18. e4 dxe4 19. fxe4 Bc4 20. Nf5
Qf8 21. Rf4 Ne7 22. Ne3 Be6 23. Qc2 Ng6 24. Rff1 Nf6 25. e5 Nd5 26. Nxd5
Rxd5 27. c4 Rxd4 28. Bxd4 cxd4 29. Qa4 Qe7 30. Bxg6 fxg6 31. Qc6 Rd8 32. h3
d3 33. Qxb6 Bxc4 34. Rf2 a4 35. Rd2 Be6 36. Re3 Bf5 37. Kh2 Kh7 38. g4 Bc8
39. Qa5 Qf7 40. Qb4 Bb7 41. e6 Qc7+ 42. Kg1 Qc6 { White forfeits on time }
0-1

[Event "ICC tourney 2332 (75 10)"]
[Site "Internet Chess Club"]
[Date "2021.01.23"]
[Round "1"]
[White "adwaysane"]
[Black "xyzchessdude"]
[Result "0-1"]
[ICCResult "White checkmated"]
[WhiteElo "1673"]
[BlackElo "1960"]
[Opening "Queen's pawn: London system"]
[ECO "A45"]
[NIC "QP.07"]
[Time "13:03:00"]
[PlyCount "130"]
[TimeControl "4500+10"]

1. d4 Nf6 2. Bf4 d5 3. e3 c5 4. c3 Nc6 5. Nf3 Qb6 6. Qb3 c4 7. Qxb6 axb6 8.
Na3 Na7 9. Bc7 b5 10. Bb6 e6 11. Nc2 Nc6 12. Bc5 Bxc5 13. dxc5 Ne4 14. Nfd4
Nxc5 15. Nxb5 O-O 16. Be2 Ra5 17. Nca3 Ne5 18. O-O Bd7 19. Nd4 Rfa8 20. Nf3
Ned3 21. Bxd3 Nxd3 22. Rab1 f6 23. Nd4 e5 24. Ndc2 Bf5 25. Rfd1 Kf7 26. Rd2
Ke6 27. h3 h5 28. b3 b5 29. bxc4 bxc4 30. Rb6+ Kf7 31. Rb5 Rxa3 32. Nxa3
Rxa3 33. Rc2 g5 34. Rb7+ Ke6 35. Rb6+ Kf7 36. Rb7+ Kg6 37. Rb5 h4 38. f3
Nb4 39. Rb2 Nxa2 40. Rxd5 Nxc3 41. Rd8 Rb3 42. Rb8 Rxb2 43. Rxb2 Bd3 44.
Rd2 Nb1 45. Rd1 Nc3 46. Rd2 e4 47. Kf2 Kf5 48. Ke1 Ke5 49. Rb2 Nd5 50. Rb5
Kd6 51. fxe4 Bxe4 52. Kf2 c3 53. Ra5 c2 54. Ra1 Nb4 55. g3 c1=Q 56. Rxc1
Nd3+ 57. Ke2 Nxc1+ 58. Kd1 hxg3 59. Kxc1 g2 60. Kd2 g1=Q 61. Kc3 Qxe3+ 62.
Kc4 Bd5+ 63. Kb4 Qb3+ 64. Ka5 Kc6 65. h4 Qb5# { White checkmated } 0-1

[Event "ICC tourney 2332 (75 10)"]
[Site "Internet Chess Club"]
[Date "2021.01.23"]
[Round "1"]
[White "blueocean07"]
[Black "apachekid"]
[Result "1-0"]
[ICCResult "Black resigns"]
[WhiteElo "1605"]
[BlackElo "1825"]
[Opening "QGD: exchange, positional line"]
[ECO "D35"]
[NIC "QO.16"]
[Time "13:02:52"]
[PlyCount "127"]
[TimeControl "4500+10"]

1. d4 d5 2. c4 e6 3. Nc3 Nf6 4. cxd5 exd5 5. Bg5 Be7 6. Nf3 O-O 7. e3 c6 8.
Bd3 Ne4 9. Bxe7 Qxe7 10. Bxe4 dxe4 11. Nd2 f5 12. O-O Na6 13. a3 Be6 14.
Rc1 Rfd8 15. b4 Nc7 16. Qe2 Nd5 17. Nxd5 Bxd5 18. Nc4 Bxc4 19. Rxc4 a5 20.
Rc5 axb4 21. Qc4+ Kh8 22. Qxb4 g6 23. h3 Ra6 24. Rb1 Rd7 25. Qb2 Kg8 26.
Qb4 b5 27. Rbc1 Ra4 28. Qb3+ Kf8 29. Rxc6 Rxa3 30. Rc8+ Kg7 31. Qxb5 Rda7
32. Re8 Qh4 33. Qe5+ Kf7 34. Rh8 Re7 35. Rc7 Ra1+ 36. Kh2 Ra7 37. Rxa7 Rxa7
38. Qe8+ Kf6 39. Qd8+ Re7 40. Re8 Kf7 41. Qxe7+ Qxe7 42. Rxe7+ Kxe7 43. Kg3
Kf6 44. Kf4 g5+ 45. Kg3 h5 46. h4 gxh4+ 47. Kxh4 Kg6 48. g3 Kh6 49. d5 Kg6
50. d6 Kf6 51. Kxh5 Ke6 52. Kg5 Kxd6 53. Kxf5 Ke7 54. Kg6 Kf8 55. Kh7 Kf7
56. g4 Kf6 57. Kh6 Kf7 58. g5 Kg8 59. Kg6 Kh8 60. Kf7 Kh7 61. g6+ Kh6 62.
g7 Kg5 63. g8=Q+ Kf5 64. Qg6+ { Black resigns } 1-0

[Event "ICC tourney 2332 (75 10)"]
[Site "Internet Chess Club"]
[Date "2021.01.23"]
[Round "1"]
[White "vober6"]
[Black "QueensRule"]
[Result "1-0"]
[ICCResult "Black resigns"]
[WhiteElo "1876"]
[BlackElo "1628"]
[Opening "French: Tarrasch, closed variation"]
[ECO "C05"]
[NIC "FR.17"]
[Time "13:02:59"]
[PlyCount "81"]
[TimeControl "4500+10"]

1. e4 e6 2. d4 d5 3. Nd2 Nf6 4. e5 Nfd7 5. Bd3 c5 6. c3 Nc6 7. Ne2 Be7 8.
O-O O-O 9. Nf3 cxd4 10. cxd4 f6 11. exf6 Bxf6 12. a3 e5 13. dxe5 Ndxe5 14.
Nxe5 Bxe5 15. Bc2 d4 16. f4 Bc7 17. b4 Bb6 18. Kh1 Bf5 19. Bxf5 Rxf5 20.
Qd3 Qf6 21. Bb2 Rd8 22. Rad1 Kh8 23. Rf3 a6 24. Rh3 Qg6 25. Ng3 Rf6 26. f5
Qg4 27. Re1 Bc7 28. Re4 Bf4 29. Nh5 Ne5 30. Nxf6 gxf6 31. Qf1 d3 32. Rxd3
Rxd3 33. Bxe5 fxe5 34. Qxd3 Qh5 35. g3 Bg5 36. Rxe5 Bf6 37. Re6 Qg5 38. Kg2
Kg7 39. h4 Qh6 40. Qd7+ Kg8 41. Re8+ { Black resigns } 1-0

[Event "ICC tourney 2332 (75 10)"]
[Site "Internet Chess Club"]
[Date "2021.01.23"]
[Round "2"]
[White "Nacaroa-Dan"]
[Black "dabpacman"]
[Result "1-0"]
[ICCResult "Black resigns"]
[WhiteElo "1677"]
[BlackElo "1479"]
[Opening "Sicilian: closed"]
[ECO "B23"]
[NIC "SI.44"]
[Time "16:32:36"]
[PlyCount "47"]
[TimeControl "4500+10"]

1. e4 c5 2. Nc3 b6 3. f4 Bb7 4. Nf3 a6 5. a4 e6 6. Bc4 Qc7 7. d3 Nc6 8. O-O
Na5 9. Ba2 O-O-O 10. f5 Bd6 11. Qe1 Nc6 12. Qh4 Nd4 13. Nxd4 cxd4 14. Ne2
Kb8 15. c3 dxc3 16. Nxc3 Bc5+ 17. Kh1 d5 18. fxe6 fxe6 19. exd5 exd5 20.
Bg5 Nf6 21. Rac1 h6 22. Bf4 Bd6 23. Nxd5 Bc6 24. Nxc7 { Black resigns } 1-0

[Event "ICC tourney 2332 (75 10)"]
[Site "Internet Chess Club"]
[Date "2021.01.23"]
[Round "2"]
[White "Clairehouses"]
[Black "uzkuzk"]
[Result "1-0"]
[ICCResult "Black resigns"]
[WhiteElo "1578"]
[BlackElo "1824"]
[Opening "Queen's gambit accepted"]
[ECO "D20"]
[NIC "QG.03"]
[Time "16:32:24"]
[PlyCount "67"]
[TimeControl "4500+10"]

1. d4 d5 2. c4 dxc4 3. Nc3 a6 4. e3 b5 5. a4 b4 6. Ne4 Qd5 7. Qc2 Bf5 8. f3
Nf6 9. Bxc4 Qd8 10. Nxf6+ exf6 11. Qxf5 Be7 12. Qd5 Qxd5 13. Bxd5 c6 14.
Bc4 Nd7 15. a5 c5 16. dxc5 Bxc5 17. Ne2 Ne5 18. Bd5 O-O-O 19. Be4 g6 20. g4
h5 21. Bd2 Kb8 22. Rc1 Ba7 23. gxh5 f5 24. f4 Ng4 25. Bf3 Rxd2 26. Kxd2
Bxe3+ 27. Kc2 Bxc1 28. Kxc1 Nf2 29. Rf1 Nd3+ 30. Kc2 Nc5 31. Nd4 Re8 32.
Nc6+ Kc7 33. Nxb4 Ne4 34. Nxa6+ { Black resigns } 1-0

[Event "ICC tourney 2332 (75 10)"]
[Site "Internet Chess Club"]
[Date "2021.01.23"]
[Round "2"]
[White "Ajcanalie"]
[Black "blueocean07"]
[Result "1-0"]
[ICCResult "Black checkmated"]
[WhiteElo "1738"]
[BlackElo "1605"]
[Opening "Sicilian: Labourdonnais-Löwenthal (Kalashnikov) variation"]
[ECO "B32"]
[NIC "SI.32"]
[Time "16:32:41"]
[PlyCount "75"]
[TimeControl "4500+10"]

1. e4 c5 2. Nf3 Nc6 3. d4 cxd4 4. Nxd4 e5 5. Nb5 d6 6. N1c3 Nf6 7. Nd5 Nxd5
8. exd5 Nb8 9. a4 Nd7 10. Bd2 Be7 11. Bb4 Nf6 12. Be2 O-O 13. O-O a6 14.
Na3 Bf5 15. a5 Rc8 16. Nc4 Be4 17. f3 Bxd5 18. Nb6 Qc7 19. Nxd5 Nxd5 20.
Qxd5 Qxc2 21. Bd3 Qc6 22. Qxc6 Rxc6 23. Be4 Rc7 24. Rfd1 Rd8 25. Rac1 Rdc8
26. Rxc7 Rxc7 27. Kf1 g6 28. g4 Kg7 29. Ke2 d5 30. Bxe7 dxe4 31. Bd6 exf3+
32. Kxf3 Rc2 33. Bxe5+ Kh6 34. h4 Rc5 35. Bc3 f5 36. Rd7 fxg4+ 37. Kxg4 g5
38. Rd6# { Black checkmated } 1-0

[Event "ICC tourney 2332 (75 10)"]
[Site "Internet Chess Club"]
[Date "2021.01.23"]
[Round "2"]
[White "poohfur"]
[Black "TheChessShark"]
[Result "0-1"]
[ICCResult "White resigns"]
[WhiteElo "1705"]
[BlackElo "1888"]
[Opening "Philidor: Improved Hanham variation"]
[ECO "C41"]
[NIC "KP.08"]
[Time "16:32:29"]
[PlyCount "52"]
[TimeControl "4500+10"]

1. e4 e5 2. Nf3 d6 3. d4 Nd7 4. Nc3 Ngf6 5. Bc4 Be7 6. Be3 O-O 7. Qd2 c6 8.
O-O-O b5 9. Bb3 a5 10. a4 b4 11. Ne2 Nxe4 12. Qd3 Nef6 13. dxe5 dxe5 14.
Qc4 Qc7 15. Ng5 Ba6 16. Qh4 Bxe2 17. Rd2 Bh5 18. f4 Bc5 19. Rd3 Bxe3+ 20.
Rxe3 exf4 21. Re7 Rae8 22. Rhe1 Rxe7 23. Rxe7 Qd6 24. Qe1 Nc5 25. Bc4 Qd4
26. Qf1 Nxa4 { White resigns } 0-1

[Event "ICC tourney 2332 (75 10)"]
[Site "Internet Chess Club"]
[Date "2021.01.23"]
[Round "2"]
[White "chesslin"]
[Black "doudou2011"]
[Result "1-0"]
[ICCResult "Black resigns"]
[WhiteElo "1765"]
[BlackElo "1438"]
[Opening "Queen's pawn, Mason variation"]
[ECO "D00"]
[NIC "QP.08"]
[Time "16:32:45"]
[PlyCount "55"]
[TimeControl "4500+10"]

1. d4 d5 2. Bf4 Nf6 3. e3 e6 4. Nd2 Bd6 5. Bg3 O-O 6. Bd3 c5 7. c3 Qc7 8.
Ngf3 b6 9. Bxd6 Qxd6 10. Ne5 Nc6 11. f4 Bb7 12. Qf3 Rac8 13. O-O Rfe8 14.
Qh3 h6 15. g4 Rcd8 16. Rad1 cxd4 17. exd4 Ne7 18. g5 Ne4 19. gxh6 g6 20.
Ng4 Kh8 21. Bxe4 dxe4 22. Nc4 Qd5 23. Qh4 Nf5 24. Qf6+ Kg8 25. Nce3 Nxh6
26. Nxh6+ Kh7 27. Nxd5 Bxd5 28. Nxf7 { Black resigns } 1-0

[Event "ICC tourney 2332 (75 10)"]
[Site "Internet Chess Club"]
[Date "2021.01.23"]
[Round "2"]
[White "pianoboy"]
[Black "abi2009"]
[Result "1-0"]
[ICCResult "Black checkmated"]
[WhiteElo "1849"]
[BlackElo "1710"]
[Opening "QGD: exchange, positional line"]
[ECO "D35"]
[NIC "QO.16"]
[Time "16:32:53"]
[PlyCount "123"]
[TimeControl "4500+10"]

1. d4 d5 2. c4 e6 3. Nc3 Nf6 4. cxd5 exd5 5. Bg5 Be7 6. e3 O-O 7. Qc2 Nbd7
8. Bd3 h6 9. Bf4 c6 10. h3 Nb6 11. Nge2 Re8 12. O-O Be6 13. f3 Rc8 14. Bg3
Bd6 15. Bf2 c5 16. dxc5 Bxc5 17. Nd4 Bxd4 18. exd4 Nc4 19. Rac1 a6 20. b3
Nd6 21. Qd2 b5 22. Ne2 Qd7 23. Qb4 Bf5 24. Bxf5 Nxf5 25. Nf4 Ne3 26. Rfe1
Nc2 27. Rxe8+ Qxe8 28. Qd2 Na3 29. Rc5 Qd7 30. Qc1 Rxc5 31. dxc5 b4 32. c6
Qc7 33. Qc5 Nb5 34. Nxd5 Nxd5 35. Qxd5 Nc3 36. Qd7 Nb5 37. Qxc7 Nxc7 38.
Bb6 Nd5 39. Ba5 Kf8 40. c7 Ne7 41. Bxb4 Ke8 42. Bxe7 Kd7 43. Bf8 Kxc7 44.
Bxg7 h5 45. Kf2 Kd6 46. Ke3 Ke6 47. g4 hxg4 48. fxg4 f6 49. Bxf6 Kxf6 50.
Kf4 Kg6 51. h4 Kh6 52. Kf5 Kg7 53. h5 Kh7 54. Kf6 Kg8 55. g5 Kf8 56. h6 Kg8
57. g6 Kh8 58. g7+ Kg8 59. h7+ Kxh7 60. Kf7 Kh6 61. g8=Q a5 62. Qg6# {
Black checkmated } 1-0

[Event "ICC tourney 2332 (75 10)"]
[Site "Internet Chess Club"]
[Date "2021.01.23"]
[Round "2"]
[White "Nikhilp"]
[Black "tbogin1"]
[Result "1-0"]
[ICCResult "Black resigns"]
[WhiteElo "1731"]
[BlackElo "1813"]
[Opening "KP: Nimzovich defense"]
[ECO "B00"]
[NIC "VO.06"]
[Time "16:33:39"]
[PlyCount "95"]
[TimeControl "4500+10"]

1. e4 Nc6 2. d4 d5 3. e5 Bf5 4. c3 e6 5. Bd3 Bxd3 6. Qxd3 Nge7 7. Ne2 Qd7
8. Bf4 O-O-O 9. Nd2 h5 10. h4 Nf5 11. O-O-O Be7 12. Nf3 Na5 13. g3 Nc4 14.
Nd2 b5 15. Nxc4 bxc4 16. Qc2 Kb8 17. b4 cxb3 18. axb3 Ka8 19. b4 Qb5 20.
Kd2 f6 21. Ra1 fxe5 22. Bxe5 Nd6 23. Bxd6 Bxd6 24. f4 Rb8 25. Ra5 Qe8 26.
Rha1 Rb7 27. Qa2 Qb8 28. Nc1 Rh6 29. Nd3 Rg6 30. Rg1 Qf8 31. Qa4 Qc8 32.
Qc6 Kb8 33. Qa4 c6 34. Ra1 Qd7 35. Rg1 Ka8 36. Qd1 Rg4 37. Ra2 Qf7 38. Qe2
Qf5 39. Raa1 Qg6 40. Qe3 Rf7 41. Kc2 Qf5 42. Kb3 Rf6 43. Ra2 Bb8 44. Ne5
Bxe5 45. dxe5 Rf7 46. Rga1 d4 47. Qxd4 c5 48. Qd8+ { Black resigns } 1-0

[Event "ICC tourney 2332 (75 10)"]
[Site "Internet Chess Club"]
[Date "2021.01.23"]
[Round "2"]
[White "TheDude865"]
[Black "chessboy2020"]
[Result "0-1"]
[ICCResult "White resigns"]
[WhiteElo "1531"]
[BlackElo "1679"]
[Opening "Ruy Lopez: Marshall counter-attack, 11...c6"]
[ECO "C89"]
[NIC "RL.17"]
[Time "16:32:23"]
[PlyCount "56"]
[TimeControl "4500+10"]

1. e4 e5 2. Nf3 Nc6 3. Bb5 a6 4. Ba4 Nf6 5. O-O Be7 6. Re1 b5 7. Bb3 O-O 8.
c3 d5 9. exd5 Nxd5 10. Nxe5 Nxe5 11. Rxe5 c6 12. d3 Bd6 13. Re1 Bf5 14. Qf3
Qh4 15. g3 Qh3 16. Bxd5 cxd5 17. Qxd5 Rad8 18. Qg2 Qh5 19. Nd2 Rfe8 20. Ne4
Bh3 21. Qh1 f5 22. Bg5 fxe4 23. Bxd8 Rxd8 24. Qxe4 Bg4 25. c4 Bc5 26. Qf4
Rf8 27. Re5 Qh3 28. Qd2 Bf3 { White resigns } 0-1

[Event "ICC tourney 2332 (75 10)"]
[Site "Internet Chess Club"]
[Date "2021.01.23"]
[Round "2"]
[White "JDD01"]
[Black "clair"]
[Result "1/2-1/2"]
[ICCResult "Game drawn by mutual agreement"]
[WhiteElo "1817"]
[BlackElo "1681"]
[Opening "Robatsch (modern) defense"]
[ECO "B06"]
[NIC "KF.05"]
[Time "16:32:39"]
[PlyCount "70"]
[TimeControl "4500+10"]

1. e4 g6 2. d4 Bg7 3. Nf3 e6 4. Bd3 Ne7 5. O-O O-O 6. e5 d6 7. Bf4 Nbc6 8.
c3 b6 9. Bc2 dxe5 10. Nxe5 Nxe5 11. Bxe5 Bxe5 12. dxe5 Qxd1 13. Rxd1 Bb7
14. Na3 Rfd8 15. Nb5 Rdc8 16. c4 Kf8 17. Rd2 a6 18. Nc3 Rd8 19. Rad1 Rxd2
20. Rxd2 b5 21. Rd7 bxc4 22. Rxc7 Bc6 23. Ne4 Rb8 24. b3 Bxe4 25. Bxe4 cxb3
26. axb3 Rxb3 27. Ra7 Ra3 28. Ra8+ Kg7 29. f3 Ra2 30. Ra7 Kf8 31. Ra8+ Kg7
32. Ra7 Ng8 33. Bd3 a5 34. Bc4 Ra4 35. Bxe6 Nh6 { Game drawn by mutual
agreement } 1/2-1/2

[Event "ICC tourney 2332 (75 10)"]
[Site "Internet Chess Club"]
[Date "2021.01.23"]
[Round "2"]
[White "Roger436"]
[Black "Davide25"]
[Result "1-0"]
[ICCResult "Black resigns"]
[WhiteElo "1755"]
[BlackElo "1539"]
[Opening "Caro-Kann: advance variation"]
[ECO "B12"]
[NIC "CK.04"]
[Time "16:32:53"]
[PlyCount "59"]
[TimeControl "4500+10"]

1. e4 c6 2. d4 d5 3. e5 Bf5 4. Nd2 e6 5. h4 h6 6. Nb3 Nd7 7. g4 Bh7 8. Bd3
Bxd3 9. Qxd3 h5 10. Bg5 Be7 11. Bxe7 Qxe7 12. g5 Rc8 13. c3 c5 14. Nd2 c4
15. Qc2 Qf8 16. Ne2 Ne7 17. Nf4 g6 18. Nf1 Nc6 19. a4 Na5 20. Nd2 a6 21.
O-O Qe7 22. Rfe1 Rg8 23. Re3 Rc6 24. Ra3 Qd8 25. Nf1 Nb3 26. Ng3 Qa5 27.
Rf3 Nb6 28. Ngxh5 gxh5 29. Qh7 Rf8 30. g6 { Black resigns } 1-0

[Event "ICC tourney 2332 (75 10)"]
[Site "Internet Chess Club"]
[Date "2021.01.23"]
[Round "2"]
[White "sillytiger"]
[Black "wahoo"]
[Result "0-1"]
[ICCResult "White checkmated"]
[WhiteElo "1432"]
[BlackElo "1645"]
[Opening "English: Carls' Bremen system"]
[ECO "A22"]
[NIC "EO.10"]
[Time "16:33:11"]
[PlyCount "84"]
[TimeControl "4500+10"]

1. c4 e5 2. Nc3 Nf6 3. g3 Bc5 4. Bg2 O-O 5. Nf3 Nc6 6. O-O d6 7. d3 Bg4 8.
Bd2 Re8 9. a3 a6 10. b4 Ba7 11. b5 axb5 12. cxb5 Nd4 13. Nxd4 Bxd4 14. h3
Bd7 15. a4 Nh5 16. Kh2 Qc8 17. Rc1 Nf6 18. Qb3 Be6 19. Qb4 Bc5 20. Qb1 Bd4
21. a5 Nd7 22. a6 Nc5 23. Na2 Ra7 24. e3 Nb3 25. Bxb7 Qd8 26. Rc2 Bb6 27.
Nb4 Rxb7 28. axb7 Qb8 29. Nc6 Qxb7 30. Rb2 Nc5 31. d4 exd4 32. exd4 Nd7 33.
Re1 Rf8 34. Rb4 Nb8 35. Ne7+ Kh8 36. d5 h6 37. dxe6 Bxf2 38. exf7 Bg1+ 39.
Rxg1 Rxf7 40. Ng6+ Kg8 41. Re1 Rf2+ 42. Kg1 Qg2# { White checkmated } 0-1

[Event "ICC tourney 2332 (75 10)"]
[Site "Internet Chess Club"]
[Date "2021.01.23"]
[Round "2"]
[White "smartgoldfish"]
[Black "arjunchesszero"]
[Result "1-0"]
[ICCResult "Black resigns"]
[WhiteElo "1277"]
[BlackElo "1148"]
[Opening "Sicilian: Alapin's variation (2.c3)"]
[ECO "B22"]
[NIC "SI.46"]
[Time "16:33:04"]
[PlyCount "37"]
[TimeControl "4500+10"]

1. e4 c5 2. c3 d5 3. exd5 Qxd5 4. d4 cxd4 5. cxd4 Nc6 6. Nf3 Bg4 7. Nc3 Qd7
8. d5 O-O-O 9. dxc6 Qe6+ 10. Qe2 Qxc6 11. Bd2 f6 12. O-O-O e5 13. Kb1 Re8
14. Nb5 Kb8 15. Rc1 Qd7 16. Qe3 b6 17. Nc7 Bf5+ 18. Ka1 Rd8 19. Bb5 { Black
resigns } 1-0

[Event "ICC tourney 2332 (75 10)"]
[Site "Internet Chess Club"]
[Date "2021.01.23"]
[Round "2"]
[White "AbleCompany"]
[Black "Pugnacious"]
[Result "0-1"]
[ICCResult "White resigns"]
[WhiteElo "1568"]
[BlackElo "1760"]
[Opening "QGD: Orthodox defense, Botvinnik variation"]
[ECO "D60"]
[NIC "QO.12"]
[Time "16:32:34"]
[PlyCount "60"]
[TimeControl "4500+10"]

1. d4 d5 2. c4 e6 3. Nc3 Nf6 4. Nf3 Be7 5. Bg5 O-O 6. e3 Nbd7 7. Bd3 h6 8.
Bh4 b6 9. cxd5 exd5 10. O-O Bb7 11. Rc1 Rc8 12. Nb5 a6 13. Na7 Ra8 14. Nc6
Bxc6 15. Rxc6 Nb8 16. Rc1 c5 17. Bxf6 Bxf6 18. dxc5 bxc5 19. Rxc5 Bxb2 20.
Qb3 Bf6 21. Qb7 Qd6 22. Rfc1 Nd7 23. Rxd5 Qa3 24. Rd1 Nc5 25. Qc7 Rfc8 26.
Qd6 Qa4 27. Bb1 Ne6 28. Qd7 Qb4 29. Ne5 Rc7 30. Nc6 Qb6 { White resigns }
0-1